 Seeded DCSS version 0.30-a0-739-gea05faddec (webtiles) character file.

Game seed: 5430720872467839093 (custom seed)

613 purpskrrrp the Cleaver (level 7, -5/63 HPs)
             Began as a Hill Orc Monk on Feb 5, 2023.
             Was a Believer of Beogh.
             Slain by jimonade's ghost (20 damage)
             ... on level 4 of the Dungeon.
             The game lasted 00:08:46 (4890 turns).

purpskrrrp the Cleaver (Hill Orc Monk)              Turns: 4890, Time: 00:08:47

Health: -5/63      AC:  6    Str: 22    XL:     7   Next: 44%
Magic:  7/7        EV: 13    Int: 10    God:    Beogh [**....]
Gold:   837        SH:  0    Dex: 18    Spells: 6/6 levels left

rFire   . . .      SeeInvis .    a - +0 hand axe
rCold   . . .      Faith    .    (no shield)
rNeg    . . .      Spirit   .    v - +2 robe of Binutifa {rPois Dex+5}
rPois   +          Reflect  .    n - +2 hat of Mumokh {rPois}
rElec   .          Harm     .    (no cloak)
rCorr   .          Rampage  .    (no gloves)
Will    .....                    (no boots)
Stlth   ++                       (no amulet)
HPRegen 0.30/turn                l - +6 ring of strength
MPRegen 0.10/turn                (no ring)

@: studying 2 skills
A: no striking features
a: Renounce Religion, Smiting


You were on level 4 of the Dungeon.
You worshipped Beogh.
Beogh was pleased with you.
You visited 1 branch of the dungeon, and saw 4 of its levels.

You collected 1264 gold pieces.
You spent 427 gold pieces at shops.

Inventory:

Hand Weapons
 a - a +0 hand axe (weapon)
Missiles
 h - a throwing net (quivered)
 y - 5 poisoned darts
Armour
 b - a +0 robe
 n - the +2 hat of Mumokh (worn) {rPois}
   (You acquired it on level 2 of the Dungeon)

   rPois:     It protects you from poison.
 v - the +2 robe of Binutifa (worn) {rPois Dex+5}
   (You found it on level 3 of the Dungeon)

   Dex:       It affects your dexterity (+5).
   rPois:     It protects you from poison.
Jewellery
 l - a +6 ring of strength (left hand)
 o - a ring of protection from cold
 C - a ring of positive energy
Wands
 x - a wand of mindburst (13)
 B - a wand of roots (5)
Scrolls
 c - a scroll of fog {unknown}
 e - 2 scrolls of teleportation {unknown}
 g - 2 scrolls of amnesia
 i - 2 scrolls of noise {unknown}
 j - a scroll of blinking
 k - 5 scrolls of identify
 m - a scroll of brand weapon {unknown}
 p - a scroll of immolation {unknown}
 q - 4 scrolls of enchant armour
 r - a scroll of fear
 s - a scroll of silence {unknown}
 t - a scroll of poison {unknown}
 z - a scroll of butterflies {unknown}
Potions
 d - a potion of mutation {unknown}
 f - 2 potions of attraction {unknown}
 u - a potion of degeneration {unknown}
 w - 2 potions of lignification {unknown}
 A - 2 potions of berserk rage {unknown}


   Skills:
 * Level 6.2 Fighting
 * Level 8.4 Axes
 * Level 4.2 Throwing
 - Level 2.4 Dodging
 - Level 1.6 Stealth


You had 6 spell levels left.
You didn't know any spells.
Your spell library was empty.

Dungeon Overview and Level Annotations

Branches:
Dungeon (4/15)             Temple (0/1) D:4

Altars:
Okawaru

Shops:
D:2 ?

Annotations:
D:4 jimonade's ghost, amateur GnBr


Message History

Jimonade's ghost is lightly damaged.
Jimonade's ghost hits you. Jimonade's ghost burns you.
You hit jimonade's ghost but do no damage.
Jimonade's ghost is lightly damaged.
Jimonade's ghost closely misses you.
You hit jimonade's ghost.
Jimonade's ghost is moderately damaged.
You hit jimonade's ghost.
Jimonade's ghost is moderately damaged.
Jimonade's ghost closely misses you.
You hit jimonade's ghost.
Jimonade's ghost is heavily damaged.
Jimonade's ghost whispers, "The ORB doesn't exist."
Jimonade's ghost barely misses you.
You closely miss jimonade's ghost.
Jimonade's ghost is heavily damaged.
Jimonade's ghost hits you! Jimonade's ghost burns you.
You closely miss jimonade's ghost.
Jimonade's ghost is heavily damaged.
Jimonade's ghost hits you! Jimonade's ghost burns you.
You hit jimonade's ghost.
Jimonade's ghost is heavily damaged.
Jimonade's ghost barely misses you.
You hit jimonade's ghost.
You punch jimonade's ghost, but do no damage.
Jimonade's ghost is heavily damaged.
Jimonade's ghost hits you! Jimonade's ghost burns you.
* * * LOW HITPOINT WARNING * * *
You closely miss jimonade's ghost.
Jimonade's ghost is heavily damaged.
Jimonade's ghost hits you.
* * * LOW HITPOINT WARNING * * *
Jimonade's ghost burns you.
* * * LOW HITPOINT WARNING * * *
You barely miss jimonade's ghost.
Jimonade's ghost is heavily damaged.
You hit jimonade's ghost but do no damage.
Jimonade's ghost is heavily damaged.
Jimonade's ghost hits you!!
You die...

##.#........######.###...####
#.#.######.######..##...#
#.#.....................#
#.#..#####.########.....##
#..........##............#
############..#####......#
##..........[...# #......#
#...########.########...#.#
#...# #.....@W~~~~?~###...#
#...# #......###########..##
#...########....##...# #...#
#.......#<.#....##.#.####..#
#...###.#.......#.P...# #..##
#.....#.####....#.....# #...#
#.....#............>P.# #.#.#
####..####.###.....P..# #.#.#
#......<.....#.....###.#..


You could see jimonade's ghost.

Vanquished Creatures
  Blork the orc (D:4)
  A bullfrog (D:4)
  A scorpion (D:4)
  A necrophage (D:2)
  An orc priest (D:4)
  An iguana (D:4)
  3 orc wizards (D:4)
  9 gnolls
  6 adders
  A white imp (D:4)
  3 worms (D:4)
  A dart slug (D:4)
  2 orcs (D:4)
  3 bats
  8 endoplasms
  3 giant cockroaches
  6 hobgoblins
  7 jackals
  6 kobolds
  5 quokkas
  8 ball pythons
  2 frilled lizards
  4 goblins
  3 rats
86 creatures vanquished.

Vanquished Creatures (others)
  A hobgoblin (D:3)
1 creature vanquished.

Grand Total: 87 creatures vanquished

Notes
Turn   | Place    | Note
-------+----------+-------------------------------------------
     0 | D:1      | purpskrrrp the Hill Orc Monk began the quest for the Orb.
     0 | D:1      | Reached XP level 1. HP: 19/19 MP: 1/1
    85 | D:1      | Reached XP level 2. HP: 6/27 MP: 2/2
  1110 | D:1      | Reached skill level 5 in Axes
  1146 | D:1      | Reached XP level 3. HP: 32/33 MP: 3/3
  1639 | D:2      | Noticed a necrophage
  1652 | D:2      | Killed a necrophage
  1653 | D:2      | Reached skill level 6 in Axes
  1653 | D:2      | Reached XP level 4. HP: 32/41 MP: 4/4
  1829 | D:2      | Reached XP level 5. HP: 22/47 MP: 5/5
  2205 | D:2      | Found Doddoiw's Magic Scroll Shoppe.
  2248 | D:2      | Identified 4 scrolls of acquirement
  2248 | D:2      | Acquired 532 gold pieces
  2249 | D:2      | Acquired 568 gold pieces
  2251 | D:2      | Acquired a manual of Throwing
  2253 | D:2      | Acquired the +2 hat of Mumokh {rPois}
  2286 | D:2      | Bought a scroll of identify for 28 gold pieces
  2286 | D:2      | Bought a scroll of enchant armour for 105 gold pieces
  2286 | D:2      | Bought a scroll of enchant armour for 105 gold pieces
  2286 | D:2      | Bought a scroll of identify for 28 gold pieces
  2286 | D:2      | Bought a scroll of fear for 56 gold pieces
  2286 | D:2      | Bought a scroll of blinking for 105 gold pieces
  2343 | D:3      | Found a faded altar of an unknown god.
  2776 | D:2      | Reached skill level 5 in Fighting
  3053 | D:3      | Reached skill level 7 in Axes
  3060 | D:3      | Found an iron altar of Okawaru.
  3377 | D:3      | Identified the +2 robe of Binutifa {rPois Dex+5}
  3448 | D:3      | Identified the +3 short sword of the Manifold Quests
                  | {flame, rElec Int+5}
  3451 | D:3      | Became a worshipper of Beogh the Brigand
  3451 | D:3      | Reached * piety under Beogh
  3451 | D:3      | Reached ** piety under Beogh
  3730 | D:4      | Reached skill level 1 in Throwing
  3730 | D:4      | Reached XP level 6. HP: 49/56 MP: 6/6
  4236 | D:4      | Found a runed translucent door.
  4237 | D:4      | Found a staircase to the Ecumenical Temple.
  4253 | D:4      | Noticed jimonade's ghost (amateur GnBr)
  4423 | D:4      | Reached skill level 8 in Axes
  4559 | D:4      | Noticed Blork the orc
  4574 | D:4      | Killed Blork the orc
  4575 | D:4      | Reached XP level 7. HP: 50/62 MP: 7/7
  4890 | D:4      | Slain by jimonade's ghost

Illustrated notes

Levels and vault maps discovered:
D:1:      dpeg_arrival_boxes_within_box, layout_basic
D:2:      layout_loops_ring, serial_shops, shop, nicolae_kite_square_tiling_tiny
D:3:      layout_rooms, okawaru_metal_pillars_3, ebering_ecumenical_altar_rust
D:4:      layout_basic, minmay_temple_entry_overgrown, ebering_ghost_sewer_d,
          minmay_manual_monstrance, uniq_blork_the_orc

Skill      XL: |  1  2  3  4  5  6  7 |
---------------+----------------------+-----
Fighting       | 4 5 6 |  6.2
Axes           | 5 6 7 8 |  8.4
Throwing       | 1 3 4 |  4.2
Dodging        | |  2.4
Stealth        | |  1.6

Action                     |  1- 3 |  4- 6 |  7- 9 || total
---------------------------+-------+-------+-------++-------
  Melee: Hand axe          |   109 |   205 |    59 ||   373
         Punch             |     3 |     1 |     3 ||     7
 Invoke: Convert to Beogh  |       |     1 |       ||     1
         Smiting           |       |     2 |       ||     2
    Use: Potion            |     1 |     4 |       ||     5
         Scroll            |       |     7 |       ||     7
   Stab: Sleeping          |     3 |     2 |     4 ||     9
 Armour: Robe              |    16 |    54 |     7 ||    77
  Dodge: Dodged            |    70 |   148 |    24 ||   242

Table legend: (Time is in decaauts)
 A = Elapsed time spent in this place.
 B = Non-inter-level travel time spent in this place.
 C = Inter-level travel time spent in this place.
 D = Time resting spent in this place.
 E = Time spent auto-exploring this place.
 F = Levels seen in this place.
 G = Mean time per level.
                   A        B        C        D        E       F      G
               +--------+--------+--------+--------+--------+-----+--------+
         Total |   4880 |   4721 |    159 |   1147 |   2763 |   4 | 1220.0 |
       Dungeon |   4880 |   4721 |    159 |   1147 |   2763 |   4 | 1220.0 |
               +--------+--------+--------+--------+--------+-----+--------+

Top non-repeatable levels by time:
     D:2: 1432 daAuts
     D:4: 1295 daAuts
     D:1: 1263 daAuts
     D:3: 889 daAuts
